Map: Ice and Chrome LE

Players

pollok

  • Race: Zerg Zerg
  • League: Platinum
  • Spawn Location: 7:00

Massa - Winner!

  • Race: Terran Terran
  • League: Platinum
  • Spawn Location: 1:00

VOD

Have the link to the VOD?

Description

Time

  • Played on: Sept. 4, 2020, 10:37 a.m.
  • Length: 13:35
Show
View Real Time Build Order
Export as new Build Order

pollok Zerg 

Build Orders: Hatch First 

Get SALT Encoding   

  12  0:02  Drone  
  13  0:11  Drone  
  14  0:36  Hatchery  
  14  0:42  Drone  
  14  0:45  Overlord  
  14  1:06  Spawning Pool  
  14  1:07  Drone  
  14  1:08  Drone  
  14  1:10  Extractor  
  14  1:17  Drone  
  15  1:20  Drone  
  16  1:30  Drone  
  17  1:40  Drone  
  18  1:50  Overlord x2  
  18  1:59  Queen  
  21  2:01  Zergling x2  
  21  2:03  Zergling x2  
  22  2:21  Drone  
  22  2:22  Drone x2  
  25  2:24  Queen  
  27  3:05  Drone x2  
  29  3:06  Lair  
  29  3:18  Roach Warren  
  28  3:20  Drone x2  
  28  3:21  Drone  
  28  3:24  Extractor  
  30  3:29  Evolution Chamber  
  30  3:31  Evolution Chamber  
  28  3:35  Drone  
  28  3:36  Drone x3  
  28  3:37  Drone  
  33  3:52  Metabolic Boost  
  33  3:55  Overlord x2  
  33  3:56  Drone x2  
  33  3:57  Drone x2  
  33  4:00  Roach  
  39  4:16  Zerg Ground Armor Level 1  
  39  4:17  Zerg Missile Weapons Level 1  
  39  4:22  Roach  
  41  4:36  Drone x2  
  43  4:40  Extractor, Drone  
  43  4:41  Extractor  
  42  4:50  Roach x2  
  42  4:51  Roach  
  48  5:00  Drone x3  
  48  5:02  Roach x4  
  48  5:05  Overlord  
  59  5:15  Glial Reconstitution  
  59  5:40  Hatchery  
  58  5:56  Infestation Pit  
  57  5:58  Roach x4  
  57  5:59  Zergling x6  
  68  6:06  Overlord x3  
  66  6:22  Overlord  
  66  6:23  Overlord x2  
  66  6:46  Roach x4  
  66  6:47  Roach  
  76  6:49  Hive  
  76  6:50  Zerg Ground Armor Level 2  
  76  6:52  Zerg Missile Weapons Level 2  
  76  7:06  Roach x2  
  80  7:24  Queen  
  82  7:35  Hydralisk Den  
  82  7:36  Roach x2  
  85  7:37  Overlord  
  85  7:38  Overlord x2  
  87  7:44  Ravager x2  
  87  7:45  Ravager x2  
  87  7:46  Ravager  
  87  7:49  Drone  
  87  7:50  Drone x2  
  93  8:17  Hydralisk x5  
  100  8:53  Hydralisk x5  
  110  9:17  Drone x3  
  110  9:22  Grooved Spines  
  110  9:23  Overlord x5  
  113  9:35  Overlord x2  
  113  9:48  Hydralisk x3  
  113  9:49  Hydralisk  
  121  10:16  Roach x4  
  121  10:17  Roach x2  
  133  10:24  Ultralisk Cavern  
  133  10:25  Drone x4  
  136  10:34  Muscular Augments  
  136  10:55  Extractor  
  136  10:56  Drone x3  
  138  10:57  Extractor, Overlord  
  138  10:58  Overlord  
  138  11:03  Roach x2  
  141  11:11  Zergling x10  
  146  11:33  Ultralisk, Roach x2  
  146  11:34  Zergling x6  
  159  11:45  Anabolic Synthesis  
  119  12:14  Overseer x2  
  105  12:16  Roach x2  
  105  12:17  Roach x2  
  105  12:18  Ultralisk x2  
  77  12:36  Ultralisk  
  80  12:37  Ultralisk  
  72  12:45  Hydralisk x2  
  64  13:03  Hydralisk x3  
Show
View Real Time Build Order
Export as new Build Order

Massa Terran - Winner!

Build Orders: Gas First Reaper Expand 

Get SALT Encoding   

  12  0:00  SCV  
  13  0:12  SCV  
  14  0:21  Supply Depot  
  14  0:24  SCV  
  15  0:32  Refinery  
  15  0:42  SCV  
  16  0:47  Barracks  
  16  0:57  SCV  
  17  1:09  SCV  
  18  1:21  SCV  
  19  1:37  Command Center  
  19  1:39  Reaper  
  20  1:40  SCV  
  21  1:52  Orbital Command  
  21  1:59  Supply Depot  
  21  2:11  Marine  
  22  2:18  SCV  
  23  2:28  Factory  
  23  2:30  SCV  
  24  2:42  SCV  
  25  2:54  SCV  
  26  2:58  SCV  
  27  3:06  SCV  
  27  3:10  SCV  
  27  3:12  Refinery  
  29  3:15  Factory Reactor  
  29  3:19  SCV  
  30  3:22  Barracks Tech Lab  
  30  3:30  Orbital Command  
  30  3:31  Barracks  
  30  3:36  Supply Depot  
  30  3:41  SCV  
  31  3:48  Marauder  
  33  3:53  SCV  
  34  3:59  Command Center  
  34  4:04  SCV  
  34  4:05  SCV  
  34  4:09  Marauder  
  38  4:14  Barracks, Stimpack  
  38  4:16  SCV  
  39  4:17  Hellion x2  
  43  4:27  Starport  
  43  4:37  SCV x2  
  45  4:39  Hellion x2  
  45  4:40  Barracks Reactor  
  45  4:42  Marauder  
  51  4:49  SCV x2  
  53  4:58  Engineering Bay  
  53  5:01  SCV, Engineering Bay  
  53  5:06  Supply Depot  
  54  5:08  Supply Depot  
  54  5:10  Refinery  
  54  5:11  SCV, Hellion x2, Marauder  
  54  5:13  Supply Depot  
  61  5:15  Barracks Reactor  
  61  5:22  Marine x2  
  61  5:28  Orbital Command  
  63  5:29  SCV x2  
  65  5:39  Refinery  
  65  5:40  Marine x2  
  67  5:53  Terran Infantry Weapons Level 1  
  67  5:54  Terran Infantry Armor Level 1  
  67  5:57  Armory, Viking  
  67  6:02  Orbital Command  
  69  6:07  SCV  
  69  6:08  SCV  
  69  6:19  SCV  
  69  6:20  Widow Mine x2, SCV  
  75  6:28  Starport  
  75  6:30  Starport Tech Lab  
  75  6:31  Starport, SCV  
  75  6:32  SCV  
  77  6:37  SCV  
  78  6:41  Widow Mine  
  78  6:42  Widow Mine  
  78  6:44  SCV x2  
  84  6:47  Bunker  
  84  6:49  SCV  
  85  6:54  Factory  
  85  6:56  Combat Shield  
  85  7:03  Marine x2  
  85  7:04  Marine x2  
  85  7:06  Marauder  
  91  7:21  Marine x2  
  93  7:31  Supply Depot  
  93  7:34  Supply Depot  
  93  7:39  Factory Tech Lab  
  93  7:41  Starport Tech Lab x2  
  93  7:48  Terran Infantry Weapons Level 2  
  93  7:52  Banshee, Marine x2, SCV  
  93  7:53  Marauder  
  93  7:54  Supply Depot  
  93  7:55  SCV  
  93  7:57  Supply Depot  
  102  8:02  Command Center  
  102  8:07  SCV x2  
  102  8:08  SCV  
  104  8:14  Concussive Shells  
  104  8:17  Supply Depot  
  104  8:19  SCV, Supply Depot  
  103  8:35  Banshee  
  106  8:54  Marauder, Marine  
  106  8:55  Marine x3  
  110  8:57  Siege Tank  
  113  9:04  Barracks  
  113  9:06  Refinery  
  113  9:11  Barracks  
  113  9:12  Marine  
  113  9:13  Marine x3  
  113  9:15  Terran Infantry Armor Level 2, Marauder  
  113  9:16  Orbital Command  
  119  9:17  Barracks  
  119  9:18  SCV  
  119  9:19  SCV x2  
  122  9:29  Siege Tank  
  122  9:30  Marine  
  122  9:31  SCV x3, Marine x3  
  132  9:33  Widow Mine x2  
  132  9:37  Marauder  
  138  9:41  Missile Turret  
  138  9:43  SCV x3  
  141  9:48  Marine x4  
  143  9:54  Widow Mine  
  143  9:55  Widow Mine, SCV x2  
  143  9:58  Marauder  
  151  10:00  Barracks Tech Lab x2  
  151  10:01  Siege Tank  
  151  10:02  Missile Turret  
  151  10:06  Marine x2  
  156  10:12  Marine x2  
  154  10:16  Widow Mine  
  156  10:25  Missile Turret, Supply Depot x2  
  156  10:27  Missile Turret  
  156  10:32  Orbital Command  
  156  10:46  Banshee, Marine, SCV x2  
  156  10:47  Banshee x2, Marauder, Marine, Missile Turret, SCV  
  156  10:48  Supply Depot  
  156  10:49  Supply Depot  
  172  10:52  Barracks Tech Lab  
  172  11:10  Widow Mine, SCV x3, Marauder, Marine x4, Missile Turret  
  172  11:11  Marauder x2  
  187  11:12  Supply Depot x2  
  185  11:22  SCV  
  186  11:27  Marine  
  186  11:28  Marine  
  188  11:33  Banshee x2  
  188  11:34  Marauder x2, Marine, Missile Turret  
  188  11:36  Supply Depot  
  188  11:37  Supply Depot  
  188  11:38  Supply Depot x2  
  199  11:44  Supply Depot  
  199  11:46  Refinery  
  199  11:49  Refinery  
  199  11:56  Command Center  
  199  12:00  Supply Depot  
  199  12:02  Supply Depot  
  199  12:03  Armory  
  199  12:04  Widow Mine  
  199  12:05  Drilling Claws  
  199  12:07  Supply Depot  
  200  12:14  Cloaking Field  
  200  12:24  Widow Mine  
  200  12:25  Banshee, Marauder, Supply Depot  
  200  12:26  Supply Depot  
  195  12:31  Supply Depot  
  190  12:46  Marauder  
  192  12:54  Supply Depot  
  185  13:18  Supply Depot  
Tags
 
Add a new tag
Caveats
  • Supply blocks, unpowered buildings, or Contaminate may cause inaccurate times.
  • Supply counts are checked every 10 seconds.